Map: Terrasses de Prion

Players

zidar - Winner!

  • Race: Zerg Zerg
  • League: Silver
  • Spawn Location: 5:00

KuroNeko

  • Race: Protoss Protoss
  • League: Gold
  • Spawn Location: 11:00

VOD

Have the link to the VOD?

Description

Time

  • Played on: Feb. 18, 2016, 9:51 a.m.
  • Length: 14:36
Show
View Real Time Build Order
Export as new Build Order

zidar Zerg - Winner!

Build Orders: Pool First 

Get SALT Encoding   

  12  0:01  Drone  
  13  0:12  Overlord  
  13  0:17  Drone  
  14  0:30  Drone x2  
  14  0:34  Drone  
  17  0:48  Spawning Pool  
  17  0:49  Drone  
  17  1:11  Hatchery  
  16  1:13  Drone  
  16  1:17  Extractor  
  16  1:19  Drone  
  17  1:28  Drone  
  18  1:34  Queen  
  20  1:45  Overlord  
  20  1:47  Drone  
  21  2:02  Drone  
  22  2:18  Queen  
  22  2:21  Overlord  
  24  2:23  Metabolic Boost  
  24  2:27  Drone x3  
  27  2:51  Roach Warren, Drone x2  
  27  2:52  Drone x3  
  31  3:17  Queen  
  32  3:20  Hatchery  
  31  3:30  Drone x4  
  31  3:31  Drone x2  
  31  3:32  Drone  
  38  3:35  Drone  
  38  3:36  Drone  
  40  3:41  Overlord  
  40  3:53  Extractor x2  
  40  3:55  Extractor  
  37  4:37  Zergling x2  
  37  4:38  Zergling x18  
  47  4:40  Roach  
  49  5:07  Lair  
  49  5:11  Overlord x3  
  49  5:12  Overlord  
  49  5:14  Pneumatized Carapace  
  46  6:21  Overlord x2  
  46  6:22  Overlord  
  46  6:24  Roach x11  
  46  6:25  Roach x6  
  80  6:26  Zergling x2  
  74  7:03  Ravager x5  
  74  7:04  Ravager x7  
  74  7:08  Roach x3  
  88  7:09  Roach x3, Zergling x12  
  88  7:10  Zergling x2  
  88  7:14  Overlord  
  88  7:15  Overlord x5  
  105  7:34  Hydralisk Den  
  104  7:39  Queen  
  40  9:00  Zergling x14  
  40  9:01  Zergling x24  
  51  9:30  Hydralisk x5  
  51  9:31  Hydralisk  
  63  9:56  Roach  
  63  9:57  Roach x10  
  82  10:43  Roach x10  
  66  11:36  Roach  
  66  11:37  Roach x11  
  80  11:43  Drone  
  75  11:51  Roach  
  75  11:52  Roach x2  
  81  12:08  Queen  
  83  12:14  Hydralisk  
  83  12:15  Hydralisk  
  87  12:55  Hydralisk x3  
  87  12:56  Hydralisk x3  
  99  13:22  Roach  
  99  13:23  Roach x4  
  109  13:29  Hydralisk  
  109  13:31  Hydralisk  
  113  13:52  Ravager x8  
Show
View Real Time Build Order
Export as new Build Order

KuroNeko Protoss 

Build Orders: Colossus Rush 

Get SALT Encoding   

  12  0:02  Probe (Chrono Boost)  
  13  0:14  Probe (Chrono Boost)  
  13  0:18  Pylon  
  14  0:25  Probe (Chrono Boost)  
  15  0:36  Probe (Chrono Boost)  
  15  0:39  Gateway  
  16  0:47  Probe (Chrono Boost)  
  16  0:48  Assimilator  
  17  0:58  Pylon  
  17  1:00  Probe (Chrono Boost)  
  18  1:11  Probe (Chrono Boost)  
  19  1:21  Probe (Chrono Boost)  
  20  1:27  Zealot  
  20  1:32  Probe (Chrono Boost)  
  23  1:43  Cybernetics Core  
  23  1:48  Assimilator  
  23  1:49  Probe (Chrono Boost)  
  24  1:59  Probe (Chrono Boost)  
  25  2:10  Probe (Chrono Boost)  
  26  2:21  Mothership Core (Chrono Boost)  
  30  2:22  Adept  
  30  2:33  Robotics Facility  
  30  2:39  Pylon  
  29  2:48  Warp Gate  
  29  2:49  Stalker  
  31  3:02  Nexus  
  31  3:09  Probe (Chrono Boost)  
  33  3:20  Probe (Chrono Boost)  
  33  3:26  Warp Prism  
  35  3:30  Probe (Chrono Boost)  
  36  3:41  Probe (Chrono Boost)  
  37  3:47  Pylon  
  37  3:50  Pylon  
  37  3:51  Probe (Chrono Boost)  
  38  4:02  Probe (Chrono Boost)  
  39  4:07  Gateway  
  39  4:11  Gateway  
  39  4:14  Pylon  
  39  4:21  Probe x2 (Chrono Boost)  
  41  4:31  Probe (Chrono Boost)  
  42  4:53  Observer  
  43  5:01  Robotics Bay  
  43  5:02  Gateway  
  43  5:03  Gateway  
  43  5:06  Gateway  
  43  5:07  Probe (Chrono Boost)  
  43  5:08  Probe (Chrono Boost)  
  43  5:10  Adept  
  47  5:18  Probe x2 (Chrono Boost)  
  50  5:28  Probe (Chrono Boost)  
  50  5:30  Adept x3  
  56  5:47  Assimilator  
  56  5:49  Colossus, Assimilator  
  62  5:53  Extended Thermal Lance  
  56  6:51  Stalker x2  
  56  6:52  Stalker x2  
  64  7:08  Stalker x2  
  68  7:18  Colossus  
  74  7:30  Pylon  
  74  7:32  Pylon  
  74  7:34  Pylon  
  74  7:44  Adept x2  
  72  8:06  Stalker x4  
  80  8:23  Stalker x2  
  58  8:45  Stalker x2  
  62  9:00  Colossus  
  62  9:08  Pylon  
  62  9:13  Pylon  
  62  9:27  Pylon  
  62  9:31  Pylon  
  46  9:54  Stalker  
  46  9:55  Stalker x3  
  54  10:22  Colossus (Chrono Boost)  
  54  10:43  Stalker x5  
  56  11:22  Stalker  
  56  11:23  Stalker x2  
  55  11:29  Colossus (Chrono Boost)  
  45  11:52  Stalker x2  
  45  11:53  Stalker  
  45  12:08  Nexus  
  45  12:20  Colossus (Chrono Boost)  
  45  12:21  Stalker  
  53  12:33  Adept  
  52  13:14  Stalker  
Tags
 
Add a new tag
Caveats
  • Supply blocks, unpowered buildings, or Contaminate may cause inaccurate times.
  • Supply counts are checked every 10 seconds.